 Dungeon Crawl Stone Soup version 0.24-a0-789-g35933f4585 (webtiles) character file.

Game seed: 18169196300420622510, levelgen mode: deterministic

980 Amen the Stinger (level 8, -1/46 HPs)
             Began as an Octopode Wizard on Oct 9, 2019.
             Slain by a bullfrog (5 damage)
             ... on level 5 of the Dungeon.
             The game lasted 00:39:50 (7192 turns).

Amen the Stinger (Octopode Wizard)                  Turns: 7192, Time: 00:39:51

Health: -1/46      AC:  1    Str:  6    XL:     8   Next: 17%
Magic:  12/12      EV: 14    Int: 23    God:
Gold:   308        SH:  0    Dex: 10    Spells: 2/13 levels left

rFire    . . .     SeeInvis .   m - +3 whip (venom)
rCold    . . .     Gourm    .   (no shield)
rNeg     . . .     Faith    .   a - +0 hat
rPois    .         Spirit   .   (no amulet)
rElec    .         Reflect  .   (no ring)
rCorr    .         Harm     .   (no ring)
MR       .....                  (no ring)
Stlth    +++.......             (no ring)
HPRegen  0.15/turn              (no ring)
MPRegen  0.13/turn              (no ring)
                                (no ring)
                                (no ring)

@: no status effects
A: almost no armour, stealthy swim, amphibious, 8 rings, constrict 8, camouflage
1, gelatinous body 1
a: no special abilities


You were on level 5 of the Dungeon.
You were not hungry.

You visited 2 branches of the dungeon, and saw 7 of its levels.

You collected 308 gold pieces.

Inventory:

Hand Weapons
 m - a +3 whip of venom (weapon)
 t - a cursed -1 hunting sling
Missiles
 h - 4 atropa-tipped darts (quivered)
Armour
 a - a +0 hat (worn)
Scrolls
 k - 3 scrolls of enchant weapon
 l - 4 scrolls of teleportation
 n - a scroll of enchant armour
 p - a scroll of magic mapping
 q - 2 scrolls of remove curse
 s - a scroll of amnesia {unknown}
 v - a scroll of fog {unknown}
Potions
 b - a potion of brilliance {unknown}
 d - a potion of resistance
 e - a potion of curing
 f - a potion of might
 g - a potion of cancellation {unknown}
 i - a potion of flight
 o - a potion of degeneration
 r - a potion of lignification
 u - a potion of haste
Comestibles
 c - 3 rations
 j - 2 chunks of flesh


   Skills:
 - Level 4.6 Dodging
 - Level 2.6 Stealth
 - Level 3.0 Spellcasting
 + Level 5.3 Conjurations
 - Level 1.0 Summonings
 - Level 1.0 Translocations
 - Level 1.5 Air Magic
 + Level 6.7 Poison Magic


You had 2 spell levels left.
You knew the following spells:

 Your Spells              Type           Power        Failure   Level  Hunger
a - Magic Dart            Conj           ####         1%          1    None
b - Call Imp              Summ           #.......     12%         2    ##.....
c - Blink                 Tloc           N/A          12%         2    ##.....
d - Mephitic Cloud        Conj/Pois/Air  ###.....     5%          3    ###....
e - Conjure Flame         Conj/Fire      ###.....     12%         3    ###....

Your spell library contained the following spells:

 Spells                   Type           Power        Failure   Level  Hunger
 Slow                     Hex            #.......     17%         2    ##.....


Dungeon Overview and Level Annotations

Branches:
Dungeon (6/15)             Temple (1/1) D:5

Altars:
Ashenzari
Cheibriados
Dithmenos
Gozag
Hepliaklqana
Kikubaaqudgha
Nemelex Xobeh
Qazlal
Ru
Sif Muna
Wu Jian
Xom
The Shining One
Lugonu

Annotations:
D:3 Purgy


Innate Abilities, Weirdness & Mutations

You cannot wear most types of armour.
You are very stealthy in the water. (Stealth+)
You are amphibious.
You can wear up to eight rings at the same time.
You can use your tentacles to constrict eight enemies at once.
Your skin changes colour to match your surroundings (Stealth+).
Your rubbery body absorbs attacks. (AC +1, EV +1)


Message History

The hound barks!
You hit the ogre.
The ogre looks even sicker.
The ogre is almost dead.
The bullfrog croaks.
You kill the ogre!
A necrophage comes into view.
The bullfrog hits you. The hound misses you.
You climb upwards.
There is a stone staircase leading down here.
The bullfrog hits you! The bullfrog closely misses you. The bullfrog hits you.
* * * LOW HITPOINT WARNING * * *
The bullfrog barely misses you. The bullfrog barely misses you.
The bullfrog hits you.
* * * LOW HITPOINT WARNING * * *
There is a staircase to the Ecumenical Temple here.
The bullfrog hits you.
You die...

....### #######..(...#
### ###
.##........#...... .. #
.##.###....##.##.##.##.#
....# #....#.........#.#
.#####..##.............#
.# #..## #..⌠...⌠..#.#
.####.# ###.........#.#
...##.# #......@......#
.#....####.#....F....#.#
.#.........#..⌠.O.⌠..#.#
.................).....#
..#........#.........###
..#........##.##.##.##
.......(....#.#.....#
.#..............#####
.......>....#####


You could see an ogre and a bullfrog.

Vanquished Creatures
  3 ogres
  A bullfrog (D:6)
  2 scorpions
  2 crimson imps
  2 bullfrog zombies
  A jelly (D:4)
  A gnoll shaman (D:6)
  A hound (D:6)
  An orc wizard (D:5)
  2 iguanas
  3 worker ants
  Robin (D:3)
  3 gnolls (D:6)
  8 adders
  An ooze (D:5)
  4 worms
  2 dart slugs
  2 leopard geckos
  6 orcs
  3 giant cockroaches
  6 hobgoblins
  9 jackals
  5 quokkas
  A ball python (D:2)
  7 bats
  8 frilled lizards
  15 goblins
  4 kobolds
  A leopard gecko skeleton (D:5)
  A quokka zombie (D:6)
  9 rats
115 creatures vanquished.

Notes
Turn   | Place    | Note
-------+----------+-------------------------------------------
     0 | D:1      | Amen the Octopode Wizard began the quest for the Orb.
     0 | D:1      | Reached XP level 1. HP: 11/11 MP: 4/4
   369 | D:1      | Reached XP level 2. HP: 12/17 MP: 3/6
  1293 | D:2      | Reached XP level 3. HP: 21/21 MP: 7/7
  1360 | D:2      | Found an opulent altar of Gozag.
  1526 | D:2      | Learned a level 2 spell: Call Imp
  1529 | D:2      | Learned a level 2 spell: Blink
  1533 | D:2      | Learned a level 3 spell: Mephitic Cloud
  1708 | D:2      | Reached XP level 4. HP: 27/27 MP: 5/8
  1725 | D:2      | Found a glowing golden altar of the Shining One.
  2146 | D:3      | Reached skill level 1 in Poison Magic
  2579 | D:3      | Reached skill level 1 in Air Magic
  2596 | D:3      | Noticed Purgy
  3137 | D:3      | Noticed Robin
  3140 | D:3      | Reached XP level 5. HP: 31/31 MP: 7/9
  3159 | D:3      | Killed Robin
  3378 | D:4      | Reached skill level 2 in Poison Magic
  3463 | D:4      | Found a shimmering blue altar of Sif Muna.
  3766 | D:4      | Found a shimmering altar of Xom.
  3767 | D:4      | Found a shimmering altar of Xom.
  3768 | D:4      | Found a shimmering altar of Xom.
  3768 | D:4      | Found a shimmering altar of Xom.
  3769 | D:4      | Found a shimmering altar of Xom.
  3839 | D:5      | Entered Level 5 of the Dungeon
  3919 | D:4      | Noticed an ogre
  4020 | D:5      | Reached skill level 3 in Poison Magic
  4020 | D:5      | Reached XP level 6. HP: 28/36 MP: 5/10
  4406 | D:5      | Noticed an ice beast
  4423 | D:5      | Found a staircase to the Ecumenical Temple.
  4440 | D:5      | Reached skill level 5 in Conjurations
  4444 | Temple   | Entered the Ecumenical Temple
  4787 | D:4      | Found an ancient bone altar of Kikubaaqudgha.
  4844 | D:4      | Reached skill level 4 in Poison Magic
  5092 | D:4      | Noticed a phantom
  5101 | D:4      | Reached XP level 7. HP: 41/41 MP: 6/11
  5164 | D:4      | Found a shadowy altar of Dithmenos.
  5274 | D:5      | Reached skill level 5 in Poison Magic
  5983 | D:6      | Reached skill level 6 in Poison Magic
  6166 | D:6      | Reached XP level 8. HP: 46/46 MP: 7/12
  6219 | D:6      | Learned a level 3 spell: Conjure Flame
  6408 | D:6      | HP: 2/46 [centaur/arrow (15)]
  7192 | D:5      | Slain by a bullfrog

Levels and vault maps discovered:
D:1:      erik_arrival_blinker_ship, layout_rooms
D:2:      layout_basic, lemuel_doored_altar, kennysheep_nub, tso_metal_star
D:3:      corexii_shack_village, layout_basic, uniq_purgy, uniq_robin
D:4:      layout_loops_ring, lemuel_blue_sif_altar, kiku_gazebo_pond_becter,
          kennysheep_mini_moat, first_ration, xom_redecorated
D:5:      layout_rooms, minmay_temple_entry_large_hall
D:6:      layout_layer_cave, grunt_temple_overflow_order_and_chaos_1
Temple:   corrupted_temple

Skill      XL: |  1  2  3  4  5  6  7 |
---------------+----------------------+-----
Conjurations   | 2 3 4 5 |  5.3
Poison Magic   | 1 3 4 6 |  6.7
Air Magic      | 1 |  1.5
Dodging        | 3 4 |  4.6
Stealth        | |  2.6
Spellcasting   | |  3.0
Summonings     | |  1.0
Translocations | |  1.0

Action                   |  1- 3 |  4- 6 |  7- 9 || total
-------------------------+-------+-------+-------++-------
Melee: Unarmed           |    32 |       |       ||    32
       Constrict         |    12 |    20 |     9 ||    41
       Tentacles         |     9 |     8 |     7 ||    24
       Whip              |    21 |    81 |    51 ||   153
 Cast: Magic Dart        |    50 |    92 |    61 ||   203
       Mephitic Cloud    |       |       |     2 ||     2
       Call Imp          |       |       |     2 ||     2
  Use: Scroll            |       |     1 |    14 ||    15
       Potion            |       |     1 |     1 ||     2
 Stab: Sleeping          |     2 |     2 |       ||     4
  Eat: Chunk             |     2 |     8 |     4 ||    14
       Ration            |       |     1 |     1 ||     2
Armor: Skin              |    11 |     1 |     3 ||    15
Dodge: Dodged            |    47 |    53 |    44 ||   144

Table legend:
 A = Non-vault XP
 B = Vault XP
 C = Vault XP percentage of total XP
 D = Non-vault monster count
 E = Vault monster count
 F = Vault count percentage of total count
                 A         B        C        D         E       F
            +---------+---------+-------+---------+---------+-------
      Total |    1366 |      34 |   2.4 |     105 |      10 |   8.7
            +---------+---------+-------+---------+---------+-------
        D:1 |      20 |       0 |   0.0 |      14 |       0 |   0.0
        D:2 |      68 |       0 |   0.0 |      32 |       0 |   0.0
        D:3 |      73 |      34 |  31.8 |      19 |      10 |  34.5
        D:4 |     448 |       0 |   0.0 |      14 |       0 |   0.0
        D:5 |     310 |       0 |   0.0 |      15 |       0 |   0.0
        D:6 |     447 |       0 |   0.0 |      11 |       0 |   0.0
            +---------+---------+-------+---------+---------+-------
